 Dungeon Crawl Stone Soup version 0.32-a0-422-g28b100f618 (webtiles) character file.

Game seed: 11762939339073085086

5 Bravepunisher the Changeling (level 1, -3/10 HPs)
             Began as a Spriggan Shapeshifter on Feb 21, 2024.
             Slain by a water moccasin (6 damage)
             ... on level 5 of the Dungeon.
             The game lasted 00:01:57 (387 turns).

Bravepunisher the Changeling (Spriggan Shapeshifter) Turns: 387, Time: 00:01:57

Health: -3/10      AC:  2    Str: 10    XL:     1   Next: 66%
Magic:  2/2        EV: 17    Int: 11    God:
Gold:   11         SH:  0    Dex: 14    Spells: 0/0 levels left

rFire   . .          .
                       - Unarmed
rCold   . . .        (no shield)
rNeg    . . .        a - +0 animal skin
rPois   .            (helmet currently unavailable)
rElec   .            (cloak currently unavailable)
rCorr   .            (gloves unavailable)
SInv    +            (boots unavailable)
Will    .....        (no amulet)
Stlth   +            (no ring)
HPRegen 0.21/turn    (no ring)
MPRegen 0.08/turn

%: no passive effects
@: beast-form, very quick
A: beast (slay +2), very small, no large weapons, unfitting armour, see
invisible, speed 3
a: Begin Untransformation


You were on level 5 of the Dungeon.
You were a hulking beast.
You visited 1 branch of the dungeon, and saw 5 of its levels.

You collected 11 gold pieces.

Inventory:

Armour
 a - a +0 animal skin (worn)
 j - a +2 hat
Talismans
 c - a beast talisman (active)
 d - a flux talisman
Scrolls
 f - a scroll of butterflies {unknown}
 g - a scroll of identify {unknown}
 i - a scroll of amnesia {unknown}
Potions
 b - a potion of lignification
 e - a potion of might {unknown}
 h - a potion of resistance {unknown}


   Skills:
 + Level 1.0 Fighting
 + Level 2.9 Dodging
 - Level 2.4 Unarmed Combat
 * Level 4.2 Shapeshifting


You couldn't memorise any spells.
You didn't know any spells.
Your spell library contained the following spells:

 Spells                   Type           Power      Damage    Failure   Level
 Haunt                    Necr/Summ      0%         N/A       100%        7
 Borgnjor's Revivificati  Necr           0%         N/A       100%        8
 Death's Door             Necr           0%         N/A       100%        9


Dungeon Overview and Level Annotations

Branches:
Dungeon (5/15)
 Temple: D:4-7

Altars:

Annotations:
D:5 Menkaure


Innate Abilities, Weirdness & Mutations

You are a hulking beast.
Your limbs bulge with bestial killing power. (Slay +2)
You are very small and have problems with some larger weapons.
You are too small for most types of armour.
You have supernaturally acute eyesight. (SInv)
You cover ground extremely quickly. (Speed+++)


Message History

An orc comes into view. It is wielding a +0 hand axe.
The orc shouts!
You hear an angry hiss.
You hear a shout!
An orc comes into view. It is wielding a +0 hand axe.
A gnoll comes into view. It is wielding a +0 spear.
Found a scroll labelled WUBOUK WEDEWK.
The gnoll shouts!
You hear a shout!
The gnoll misses you.
A gnoll comes into view. It is wielding a +0 flail.
An adder comes into view.
A gnoll comes into view. It is wielding a +0 whip.
A water moccasin comes into view.
You barely miss the gnoll. The gnoll barely misses you.
The gnoll closely misses you. The adder misses you. The gnoll misses you.
Found a scroll labelled ZEOJESCHA HEDO.
i - a scroll labelled ZEOJESCHA HEDO
Found an embroidered hat.
You see here a +2 hat.
j - a +2 hat Menkaure, Prince of Dust comes into view.
An orc comes into view. It is wielding a +0 hand axe.
Found a coppery potion.
Menkaure shouts!
A sleepcap comes into view.
The sleepcap releases spores at you.
You are engulfed in a cloud of soporific spores!
You fall asleep.
The sleepcap releases spores at you.
You wake up.
* * * LOW HITPOINT WARNING * * *
Found 8 gold pieces.
The water moccasin hisses angrily.
The sleepcap misses you. The water moccasin closely misses you.
The water moccasin attacks as it pursues you!
The water moccasin barely misses you.
Found a stone staircase leading up.
The water moccasin attacks as it pursues you!
The water moccasin bites you.
Ouch! That really hurt!
You die...

### <. .S
.####.########
.#......So.S.#
#.#.##..#.###.##
##....##..#g.g.... #
#.....##.....##g#.
#.#h...$###.#.##...o
#.#S#.#.# #.#.##..#S
#.....# .....o..#g
####.####
#.....#.###
#..fo...#
#.....#...<
#.#...#.# #....
##### #..#.#..# .o.
# #M##.##.### #
#..#.#!.#.. #


You could see a water moccasin, a sleepcap and an orc.

Vanquished Creatures
  3 bats
3 creatures vanquished.

Notes
Turn   | Place    | Note
-------+----------+-------------------------------------------
     0 | D:1      | Bravepunisher the Spriggan Shapeshifter began the quest for
                  | the Orb.
     0 | D:1      | Reached XP level 1. HP: 9/9 MP: 2/2
    33 | D:1      | You fall into a shaft and drop 1 floor!
   204 | D:4      | Reached skill level 1 in Fighting
   212 | D:4      | Noticed a hound
   305 | D:5      | Entered Level 5 of the Dungeon
   310 | D:4      | Noticed an iguana
   310 | D:4      | Noticed a hound
   324 | D:5      | Noticed a water moccasin
   372 | D:5      | Noticed Menkaure
   377 | D:5      | Noticed a sleepcap
   387 | D:5      | Slain by a water moccasin

Illustrated notes

Levels and vault maps discovered:
D:1:      zaba_arrival_water, layout_loops_ring
D:2:      layout_basic, serial_shops, shop
D:3:      layout_basic, serial_bayou_lagoon_a, uniq_jessica,
          uniq_crazy_yiuf_cottage, uniq_natasha
D:4:      layout_basic, general_overflow_altar
D:5:      layout_loops_cross, serial_bayou_crossing, uniq_menkaure,
          uniq_eustachio

Skill      XL: |  1 |
---------------+----+-----
Fighting       | 1 |  1.0
Dodging        | |  2.9
Unarmed Combat | |  2.4
Shapeshifting  | |  4.2

Action                     || total
---------------------------++-------
  Melee: Unarmed           ||    13
 Armour: Animal skin       ||    17
  Dodge: Dodged            ||    48

Table legend: (Time is in decaauts)
 A = Elapsed time spent in this place.
 B = Non-inter-level travel time spent in this place.
 C = Inter-level travel time spent in this place.
 D = Time resting spent in this place.
 E = Time spent auto-exploring this place.
 F = Levels seen in this place.
 G = Mean time per level.
                   A        B        C        D        E       F      G
               +--------+--------+--------+--------+--------+-----+--------+
         Total |    253 |    253 |      0 |      0 |     35 |   5 |   50.6 |
       Dungeon |    253 |    253 |      0 |      0 |     35 |   5 |   50.6 |
               +--------+--------+--------+--------+--------+-----+--------+

Top non-repeatable levels by time:
     D:4: 70 daAuts
     D:2: 52 daAuts
     D:5: 51 daAuts
     D:3: 50 daAuts
     D:1: 28 daAuts
